 Dungeon Crawl Stone Soup version 0.22.1-6-g1668fe2c40 (webtiles) character file.

52461 Kohma the Brawler (level 14, -4/143 HPs)
             Began as a Troll Monk on Jan 25, 2019.
             Was a High Priest of Ru.
             Killed from afar by a hell hound (17 damage)
             ... with a blast of flame
             ... on level 6 of the Lair of Beasts.
             The game lasted 01:22:47 (18087 turns).

Kohma the Brawler (Troll Monk)                     Turns: 18087, Time: 01:22:48

Health: -4/143     AC:  8    Str: 22    XL:     14   Next: 27%
Magic:  11/16      EV: 27    Int: 10    God:    Ru [*****.]
Gold:   755        SH:  0    Dex: 15    Spells: 12/17 levels left

rFire    . . .     SeeInvis .     - Unarmed
rCold    . . .     Gourm    +   (shield unavailable)
rNeg     . . .     Faith    .   K - +1 troll leather armour {Snorg}
rPois    .         Spirit   .   M - +0 hat "Vugetid" {MR- Regen+ Slay+2}
rElec    .         Reflect  .   (no cloak)
rCorr    .         Harm     .   (gloves unavailable)
MR       ++...                  (boots unavailable)
Stlth    ++........             F - amulet of the acrobat
HPRegen  1.53/turn              (ring unavailable)
MPRegen  0.15/turn              g - ring of the Mage {Wiz MR++ Int+3}

@: exhausted
A: large, unfitting armour, claws 3, fast metabolism 3, gourmand, regeneration
1, shaggy fur 1, tough skin 2, missing a hand, inability to use devices
a: Draw Out Power, Power Leap, Apocalypse, Renounce Religion


You were on level 6 of the Lair of Beasts.
You worshipped Ru.
Ru was extremely pleased with you.
You were very full.

You visited 2 branches of the dungeon, and saw 17 of its levels.
You also visited: Sewer and Ossuary.

You collected 1535 gold pieces.
You spent 780 gold pieces at shops.

Inventory:

Hand Weapons
 b - a +4 blowgun
Missiles
 a - 7 needles of confusion
 c - 16 javelins (quivered)
 f - 815 stones
 j - 5 javelins of returning
 l - 6 curare-tipped needles
 t - 43 poisoned needles
Armour
 K - a +1 troll leather armour (worn) {Snorg}
 M - the +0 hat "Vugetid" (worn) {MR- Regen+ Slay+2}
   (You found it on level 4 of the Lair of Beasts)

   It affects your accuracy and damage with ranged weapons and melee attacks
   (+2).
   It affects your resistance to hostile enchantments.
   It increases your rate of regeneration.
Jewellery
 e - a cursed ring of positive energy {unknown}
 g - the ring of the Mage (right claw) {Wiz MR++ Int+3}
   (You found it on level 10 of the Dungeon)

   [ring of wizardry]

   It improves your spell success rate.
   It affects your intelligence (+3).
   It affects your resistance to hostile enchantments.
 q - a +2 ring of strength
 y - an uncursed ring of stealth
 E - an uncursed ring of see invisible
 F - an amulet of the acrobat (around neck)
 I - an uncursed ring of protection from magic
Scrolls
 i - 16 scrolls of teleportation
 m - 3 scrolls of fog
 v - a scroll of fear
 B - 7 scrolls of remove curse
 C - 2 scrolls of amnesia
 D - 5 scrolls of enchant armour
 G - 2 scrolls of magic mapping
 N - 3 scrolls of summoning
Potions
 d - 3 potions of invisibility
 h - a potion of agility
 k - 3 potions of heal wounds
 n - 4 potions of haste
 o - 2 potions of brilliance {unknown}
 p - a potion of experience {unknown}
 r - 2 potions of cancellation {unknown}
 w - a potion of lignification {unknown}
 x - 5 potions of curing
 z - 10 potions of flight
 A - 3 potions of mutation
 J - a potion of magic {unknown}
Comestibles
 s - 34 rations
 u - 22 chunks of flesh


   Skills:
 - Level 10.0 Fighting
 - Level 5.0 Throwing
 - Level 4.8 Armour
 - Level 5.1 Dodging
 - Level 1.0 Stealth
 + Level 16.3 Unarmed Combat
 - Level 2.0 Spellcasting
 - Level 8.0 Necromancy
 - Level 5.0 Earth Magic


You had 12 spell levels left.
You knew the following spells:

 Your Spells              Type           Power        Failure   Level  Hunger
a - Borgnjor's Vile Clut  Necr/Erth      ##........   26%         5    ######.

Your spell library contained the following spells:

 Spells                   Type           Power        Failure   Level  Hunger
 Animate Dead             Necr           N/A          5%          4    #####..
 Passwall                 Tmut/Erth      #.......     8%          2    ###....
 Flame Tongue             Conj/Fire      #....        14%         1    ##.....
 Magic Dart               Conj           #...         14%         1    ##.....
 Searing Ray              Conj           #.....       21%         2    ###....
 Swiftness                Chrm/Air       #.......     21%         2    ###....
 Throw Flame              Conj/Fire      #.....       21%         2    ###....
 Conjure Flame            Conj/Fire      #.......     38%         3    ####...
 Dazzling Spray           Conj/Hex       #.....       38%         3    ####...
 Inner Flame              Hex/Fire       #.......     38%         3    ####...
 Portal Projectile        Hex/Tloc       #.....       38%         3    ####...
 Recall                   Summ/Tloc      N/A          38%         3    ####...
 Lee's Rapid Deconstruct  Erth           ##........   43%         5    ######.
 Death Channel            Necr           ###.......   58%         6    #######
 Force Lance              Conj/Tloc      #.......     77%         4    #####..
 Fulminant Prism          Conj/Hex       #.........   77%         4    #####..
 Iskenderun's Mystic Bla  Conj           #.......     77%         4    #####..
 Passage of Golubria      Tloc           N/A          77%         4    #####..
 Sticky Flame             Conj/Fire      #.......     77%         4    #####..
 Fireball                 Conj/Fire      #.........   98%         5    ######.
 Simulacrum               Ice/Necr       #.........   98%         6    #######
 Darkness                 Hex            #.........   100%        6    #######
 Invisibility             Hex            #.......     100%        6    #######


Dungeon Overview and Level Annotations

Branches:
Dungeon (11/15)            Temple (0/1) D:7            Lair (6/6) D:10
 Shoals (0/4) Lair:4        Snake (0/4) Lair:4        Slime (0/5) Lair:6
    Orc (0/2) D:11

Altars:
Cheibriados
Dithmenos
Elyvilon
Fedhas
Hepliaklqana
Okawaru
Ru
Wu Jian
Xom
Yredelemnul
Jiyva

Shops:
D:7 :   D:8 }   D:9 }

Portals:
Trove: D:10 (give 8 potions of haste)


Innate Abilities, Weirdness & Mutations

You are too large for most types of armour.
You have claws for hands.
Your metabolism is lightning-fast.
You like to eat raw meat.
Your natural rate of healing is unusually fast.
You are covered in fur. (AC +1)
You have very tough skin. (AC +2)
You are missing a hand.
You cannot study or use magical devices.


Message History

The seven-headed hydra bites you.
* * * LOW HITPOINT WARNING * * *
The seven-headed hydra bites you but does no damage.
The seven-headed hydra bites you!
* * * LOW HITPOINT WARNING * * *
The polar bear growls angrily.
Throwing (i - inventory. (/) - cycle)
H - a large rock (quivered)
Press: ? - help, Shift-Dir - straight line, f/p - seven-headed hydra
Aim: a seven-headed hydra (almost dead)
You throw a large rock.
The large rock hits the seven-headed hydra!
You kill the seven-headed hydra!
The hell hound breathes flames at you. The blast of flame hits you!
* * * LOW HITPOINT WARNING * * *
Aiming: Power Leap
Press: ? - help, Dir - move target cursor The hell hound breathes flames at you.
The blast of flame hits you!
You die...

##. #P# ########...#..........#..
#%.. #P##.#.#.#..†..#P...........
##... #.#............#P..#.......
......#....÷...#...####.#..P.....
#....#...#.#### #...P......
###†.######### ##...#..###
##..##.#.##.#### #..##### #
#..÷..#.#....#.###### #
###.†.....@..h..# #
##............# # ###.#...#.#..##
# ####.#####h.# # ####
########(## #..######..#.#†.h#
### ##..#.#.#†..†...hh#
h.h##......#.†.......##
....#................#


You could see a warg and a hell hound.

Vanquished Creatures
  Snorg (D:10)
  5 hydras
  5 two-headed ogres
  2 death yaks (Lair:4)
  An unseen horror (D:11)
  A deep elf mage (D:11)
  A wolf spider (Lair:6)
  7 elephants
  2 merfolk sirens (Lair:4)
  2 centaur zombies (D:9)
  2 guardian serpents
  18 spiny frogs
  15 black mambas
  8 komodo dragons
  A guardian mummy (D:10)
  4 trolls
  2 polar bears
  6 hornets
  14 blink frogs
  The ghost of Riddle the Sneak, a novice SpVM (D:9)
  A raiju (Lair:6)
  6 dream sheep (Lair:6)
  6 hippogriffs
  A redback (Lair:6)
  Eustachio (D:6)
  20 yaks
  9 wyverns (Lair:6)
  A hungry ghost (D:11)
  A warg (Lair:5)
  25 water moccasins
  12 hell hounds (Lair:6)
  3 porcupines (Lair:3)
  8 black bears
  4 orc warriors
  A sky beast (D:11)
  A necrophage (D:11)
  Purgy (Sewer)
  3 phantoms
  6 ice beasts
  15 ogres
  19 wolves
  10 centaurs
  11 crocodiles
  2 elf zombies (Ossuary)
  6 big kobolds
  5 bullfrogs
  4 gnoll sergeants (D:11)
  A wyvern zombie (D:11)
  A wyvern skeleton (D:7)
  3 scorpions
  5 killer bees (D:7)
  5 wights (D:11)
  An electric eel (Lair:4)
  10 howler monkeys
  A crimson imp (D:6)
  2 bullfrog zombies
  9 hounds
  3 orc priests
  A jelly (D:5)
  4 orc wizards
  2 bullfrog skeletons
  An iguana (D:7)
  11 worker ants
  A killer bee zombie (D:6)
  2 hound zombies
  4 mummies (Ossuary)
  4 worker ant zombies
  20 gnolls
  11 adders
  2 river rats (D:3)
  3 shadow imps
  3 oozes
  4 adder zombies (Ossuary)
  4 worms
  An adder skeleton (D:4)
  3 dart slugs
  7 leopard geckos
  22 orcs
  9 bats
  6 giant cockroaches
  A gnoll zombie (Ossuary)
  24 hobgoblins
  10 jackals
  15 kobolds
  8 quokkas
  2 ball pythons
  4 frilled lizards
  32 goblins
  A goblin zombie (Ossuary)
  2 hobgoblin zombies (Ossuary)
  A kobold zombie (Ossuary)
  A leopard gecko skeleton (D:5)
  12 rats
  A rat zombie (Ossuary)
  3 fungi
  7 plants (Lair:6)
570 creatures vanquished.

Vanquished Creatures (collateral kills)
  An electric eel (D:10)
1 creature vanquished.

Vanquished Creatures (others)
  A spiny frog (Lair:3)
  A rime drake (Lair:2)
  A blink frog (Lair:2)
  A hell hound (Lair:6)
  A crocodile (Lair:6)
  A hobgoblin (D:5)
  14 fungi
  22 plants
42 creatures vanquished.

Grand Total: 613 creatures vanquished

Notes
Turn   | Place    | Note
-------+----------+-------------------------------------------
     0 | D:1      | Kohma the Troll Monk began the quest for the Orb.
     0 | D:1      | Reached XP level 1. HP: 22/22 MP: 0/0
   125 | D:1      | Reached XP level 2. HP: 29/29 MP: 1/1
   531 | D:2      | Reached skill level 1 in Throwing
   531 | D:2      | Reached XP level 3. HP: 32/36 MP: 2/2
   549 | D:2      | Found a shimmering altar of Xom.
   710 | D:2      | Found a blossoming altar of Fedhas.
   719 | D:2      | Reached skill level 4 in Unarmed Combat
   937 | D:2      | Reached XP level 4. HP: 44/44 MP: 3/3
   979 | D:2      | Found a hazy altar of Hepliaklqana.
  1116 | D:2      | Found a basalt altar of Yredelemnul.
  1118 | D:2      | Found a sacrificial altar of Ru.
  1263 | D:3      | Found a shadowy altar of Dithmenos.
  1713 | D:3      | Reached XP level 5. HP: 53/53 MP: 4/4
  1776 | D:3      | Found a glowing drain.
  1786 | Sewer    | Entered a sewer
  1822 | Sewer    | Noticed Purgy
  1836 | Sewer    | Killed Purgy
  1836 | Sewer    | Reached skill level 5 in Unarmed Combat
  2316 | D:4      | Reached XP level 6. HP: 51/61 MP: 5/5
  2408 | D:4      | Found a white marble altar of Elyvilon.
  2642 | D:4      | Reached skill level 6 in Unarmed Combat
  2712 | D:4      | Found a sand-covered staircase.
  2728 | Ossuary  | Entered an ossuary
  2753 | Ossuary  | Reached XP level 7. HP: 49/68 MP: 6/6
  3473 | D:5      | Entered Level 5 of the Dungeon
  3571 | D:5      | Reached skill level 7 in Unarmed Combat
  3604 | D:5      | Found a snail-covered altar of Cheibriados.
  3669 | D:5      | Reached XP level 8. HP: 72/79 MP: 7/7
  3769 | D:5      | Found an ornate altar of the Wu Jian Council.
  3917 | D:2      | Became a worshipper of Ru the Awakened
  3939 | D:2      | Gained mutation: You cannot study or use magical devices.
                  | [Ru sacrifice]
  3939 | D:2      | Reached * piety under Ru
  3939 | D:2      | Reached ** piety under Ru
  4405 | D:5      | Reached skill level 5 in Fighting
  4405 | D:5      | Reached skill level 8 in Unarmed Combat
  5456 | D:6      | Found an iron altar of Okawaru.
  5559 | D:6      | Reached skill level 5 in Throwing
  5585 | D:6      | Gained mutation: You are missing a hand. [Ru sacrifice]
  5585 | D:6      | Reached *** piety under Ru
  5585 | D:6      | Reached **** piety under Ru
  5585 | D:6      | Reached ***** piety under Ru
  5861 | D:6      | Noticed Eustachio
  5872 | D:6      | Killed Eustachio
  5872 | D:6      | Reached skill level 9 in Unarmed Combat
  5872 | D:6      | Reached XP level 9. HP: 79/88 MP: 8/8
  6470 | D:7      | Reached skill level 10 in Unarmed Combat
  6674 | D:7      | Found a staircase to the Ecumenical Temple.
  6831 | D:7      | Found Vekhlem's Book Shop.
  7415 | D:8      | Found Vecil's Gadget Boutique.
  7894 | D:9      | Reached skill level 11 in Unarmed Combat
  8096 | D:9      | Reached XP level 10. HP: 98/100 MP: 9/9
  8244 | D:9      | Noticed a two-headed ogre
  8246 | D:9      | Found a transporter.
  8246 | D:9      | Noticed Riddle's ghost (novice SpVM)
  8247 | D:9      | Found a transporter.
  8261 | D:9      | Killed Riddle's ghost
  8265 | D:9      | Killed a two-headed ogre
  8476 | D:9      | Found Jiditup's Gadget Shoppe.
  8514 | D:9      | Noticed a two-headed ogre
  8517 | D:9      | Killed a two-headed ogre
  8517 | D:9      | Reached skill level 1 in Armour
  8517 | D:9      | Reached skill level 12 in Unarmed Combat
  8966 | D:10     | Entered Level 10 of the Dungeon
  9008 | D:10     | Noticed a two-headed ogre
  9017 | D:10     | Killed a two-headed ogre
  9017 | D:10     | Reached XP level 11. HP: 79/111 MP: 10/10
  9290 | D:10     | Noticed Snorg
  9301 | D:10     | Killed Snorg
  9386 | D:10     | Found a staircase to the Lair.
  9651 | D:10     | Found the ring of the Mage {Wiz MR++ Int+3}
  9651 | D:10     | Found a portal to a secret trove of treasure.
  9908 | D:11     | Noticed a two-headed ogre
  9915 | D:11     | Killed a two-headed ogre
  9915 | D:11     | Reached skill level 5 in Dodging
  9915 | D:11     | Reached skill level 13 in Unarmed Combat
 10277 | D:11     | Found a runed door.
 10277 | D:11     | Found a runed door.
 10277 | D:11     | Noticed a deep elf mage
 10290 | D:11     | Killed a deep elf mage
 10355 | D:11     | Killed an unseen horror
 10612 | D:11     | Noticed a red ugly thing
 10613 | D:11     | Noticed a cyan ugly thing
 10984 | D:11     | Found a staircase to the Orcish Mines.
 10985 | D:11     | Reached XP level 12. HP: 121/121 MP: 11/11
 11185 | D:11     | Noticed a two-headed ogre
 11195 | D:11     | Killed a two-headed ogre
 11195 | D:11     | Reached skill level 14 in Unarmed Combat
 11431 | Lair:1   | Entered Level 1 of the Lair of Beasts
 11686 | D:7      | Bought a book of Unlife for 780 gold pieces
 11692 | D:7      | Learned a level 5 spell: Borgnjor's Vile Clutch
 12091 | Lair:1   | Reached skill level 1 in Necromancy
 12091 | Lair:1   | Reached skill level 1 in Earth Magic
 12593 | Lair:2   | Reached skill level 1 in Spellcasting
 12872 | Lair:2   | Noticed a seven-headed hydra
 12880 | Lair:2   | Killed a nine-headed hydra
 14026 | Lair:3   | Reached skill level 10 in Fighting
 14179 | Lair:3   | Reached XP level 13. HP: 128/132 MP: 15/15
 14502 | Lair:4   | Got a shimmering hat
 14510 | Lair:4   | Identified the +0 hat "Vugetid" {MR- Regen+ Slay+2} (You
                  | found it on level 4 of the Lair of Beasts)
 14524 | Lair:4   | Reached skill level 5 in Necromancy
 14538 | Lair:4   | Found a staircase to the Shoals.
 15114 | Lair:4   | Identified Sif Muna's Collected Works on Ignition and
                  | Translocation
 15186 | Lair:4   | Found a staircase to the Snake Pit.
 16702 | Lair:6   | Entered Level 6 of the Lair of Beasts
 17052 | Lair:6   | Reached skill level 15 in Unarmed Combat
 17299 | Lair:6   | HP: 5/133 [black mamba (8)]
 17304 | Lair:5   | HP: 6/133 [poisoned by a black mamba]
 17305 | Lair:5   | Reached skill level 5 in Earth Magic
 17463 | Lair:6   | Reached XP level 14. HP: 97/143 MP: 16/16
 17520 | Lair:6   | Found a staircase to the Slime Pits.
 17520 | Lair:6   | Found a viscous altar of Jiyva.
 17864 | Lair:6   | Reached skill level 16 in Unarmed Combat
 18087 | Lair:6   | Killed from afar by a hell hound

Skill      XL: |  1  2  3  4  5  6  7  8  9 10 11 12 13 14 |
---------------+-------------------------------------------+-----
Throwing       | 1 2 3 4 5 |  5.0
Unarmed Combat | 4 5 6 7 9 11 12 13 14 15 16 | 16.3
Fighting       | 3 4 5 6 7 8 10 | 10.0
Dodging        | 4 5 |  5.1
Armour         | 2 4 |  4.8
Necromancy     | 4 8 |  8.0
Earth Magic    | 3 5 |  5.0
Spellcasting   | 2 |  2.0
Stealth        | |  1.0

Action                   |  1- 3 |  4- 6 |  7- 9 | 10-12 | 13-15 || total
-------------------------+-------+-------+-------+-------+-------++-------
Melee: Unarmed           |    95 |   186 |   369 |   552 |   454 ||  1656
       Punch             |     3 |     3 |     5 |       |       ||    11
Throw: Javelin           |     4 |     3 |    22 |       |     1 ||    30
       Large rock        |       |       |       |     9 |    19 ||    28
Invok: Sacrifice Artific |       |       |     1 |       |       ||     1
       Sacrifice a Hand  |       |       |     1 |       |       ||     1
       Reject Sacrifices |       |       |     1 |     1 |       ||     2
       Power Leap        |       |       |       |     1 |     5 ||     6
       Apocalypse        |       |       |       |     2 |     1 ||     3
       Draw Out Power    |       |       |       |     1 |       ||     1
  Use: Scroll            |       |       |    12 |    16 |     6 ||    34
       Potion            |       |       |       |       |     4 ||     4
 Stab: Sleeping          |     2 |     4 |    19 |       |     1 ||    26
       Invisible         |       |       |     2 |     8 |     6 ||    16
       Distracted        |       |       |     2 |       |     2 ||     4
       Paralysed         |       |       |     2 |     3 |     5 ||    10
  Eat: Chunk             |    14 |    17 |    41 |    58 |    35 ||   165
       Ration            |       |       |       |     2 |       ||     2
Armor: Robe              |    41 |   100 |    94 |     7 |       ||   242
       Troll leather arm |       |       |       |    85 |   104 ||   189
Dodge: Dodged            |    75 |   127 |   160 |   279 |   297 ||   938
